 Dungeon Crawl Stone Soup version 0.28.0-45-g0d030f2227 (webtiles) character file.

Game seed: 13876488540468995119

1365 protoss039 the Skirmisher (level 8, 65/65 HPs)
             Began as a Demonspawn Earth Elementalist on May 28, 2022.
             Got out of the dungeon alive.
             The game lasted 00:09:23 (7894 turns).

protoss039 the Skirmisher (DsEE)                    Turns: 7894, Time: 00:09:24

Health: 65/65      AC:  5    Str:  6    XL:     8   Next: 38%
Magic:  15/15      EV: 12    Int: 24    God:
Gold:   149        SH:  4    Dex: 14    Spells: 10/16 levels left

rFire   + . .      SeeInvis .   c - +0 dagger (venom)
rCold   + + .      Faith    .   (no shield)
rNeg    . . .      Spirit   .   u - +2 robe {rC+ rF+}
rPois   .          Reflect  .   (helmet restricted)
rElec   .          Harm     .   x - +0 cloak
rCorr   .          Rampage  .   (gloves unavailable)
Will    +....                   (no boots)
Stlth   ++........              (no amulet)
HPRegen 0.20/turn               b - ring "Nerch" {rC+ Will+ Str-3 Int+6}
MPRegen 0.14/turn               (no ring)

@: no status effects
A: horns 1, powered by pain 1, condensation shield, demonic touch 3
a: no special abilities


You escaped.
You visited 1 branch of the dungeon, and saw 5 of its levels.

You collected 343 gold pieces.
You spent 194 gold pieces at shops.

Inventory:

Hand Weapons
 c - a +0 dagger of venom (weapon)
 o - a +0 whip of draining
Missiles
 d - 4 javelins
 q - 28 stones
Armour
 l - a +0 helmet
 u - a +2 robe of resistance (worn)
 x - a +0 cloak (worn)
Jewellery
 b - the ring "Nerch" (left hand) {rC+ Will+ Str-3 Int+6}
   (You found it on level 4 of the Dungeon)

   [ring of intelligence]

   Str:       It affects your strength (-3).
   Int:       It affects your intelligence (+6).
   rC:        It protects you from cold.
   Will:      It increases your willpower.
 v - a ring of fire
Scrolls
 a - 2 scrolls of summoning {unknown}
 i - 3 scrolls of identify {unknown}
 k - 3 scrolls of magic mapping
 m - 4 scrolls of teleportation {unknown}
 s - a scroll of vulnerability {unknown}
 w - a scroll of amnesia {unknown}
 y - a scroll of acquirement {unknown}
Potions
 e - 3 potions of heal wounds
 f - 2 potions of haste {unknown}
 g - 2 potions of mutation {unknown}
 h - 2 potions of attraction {unknown}
 j - 4 potions of curing
 n - a potion of resistance {unknown}
 p - 2 potions of degeneration {unknown}
 r - a potion of flight {unknown}
 t - 4 potions of berserk rage {unknown}
 z - a potion of brilliance {unknown}
 A - a potion of might {unknown}
 B - a potion of cancellation {unknown}


   Skills:
 * Level 6.7 Fighting
 - Level 3.0 Armour
 - Level 1.7 Dodging
 - Level 1.7 Stealth
 + Level 4.8 Spellcasting
 - Level 1.0 Transmutations
 + Level 5.1 Earth Magic


You had 10 spell levels left.
You knew the following spells:

 Your Spells              Type           Power      Damage    Failure   Level
a - Sandblast             Erth           60%        2d14      1%          1
b - Passwall              Tmut/Erth      16%        N/A       3%          2
c - Stone Arrow           Conj/Erth      36%        3d9       10%         3

Your spell library contained the following spells:

 Spells                   Type           Power      Damage    Failure   Level
 Petrify                  Tmut/Erth      20%        N/A       26%         4


Dungeon Overview and Level Annotations

Branches:
Dungeon (5/15)
 Temple: D:4-7

Altars:
Fedhas
Kikubaaqudgha

Shops:
D:4 !=   D:5 *

Annotations:
D:3 1 runed translucent door, NiggerDarts's ghost, amateur HuFi


Innate Abilities, Weirdness & Mutations

You have a pair of small horns on your head.
You sometimes gain a little power by taking damage.
A meltable shield of frost defends you. (SH +4)
Your touch may irresistibly damage your foes and sap their willpower.


Message History

You enter the shallow water.
Moving in this stuff is going to be slow.
There is a collapsed entrance here.
You can't go down here!
Magic restored.
Done exploring.
Done exploring.
Done exploring.
Done exploring.
Okay, then.
Unknown command.
Unknown command.
(D) Dungeon
Where to? (Enter - D:4 @ (x,y), ? - help)
What level of the Dungeon? (default 1, ? - help)
You enter the shallow water.
Moving in this stuff is going to be slow.
There is an open translucent door here.
You see here an adder corpse.
There is a stone staircase leading up here.
You climb upwards.
There is a stone staircase leading down here.
There is a stone staircase leading up here.
You climb upwards.
Level annotation: 1 runed translucent door, NiggerDarts's ghost, amateur HuFi
There is a stone staircase leading down here.
There is a stone staircase leading up here.
You climb upwards.
There is a stone staircase leading down here.
There is an open door here.
There is a stone staircase leading up here.
You climb upwards.
There is a stone staircase leading down here.
There is a stone staircase leading down here.
You enter the shallow water.
Moving in this stuff is going to be slow.
There is a staircase leading out of the dungeon here.
Unknown command.
Are you sure you want to leave the Dungeon?
This will make you lose the game!
You have escaped!

#............#
#.........
#............#
#.........
#............#
#.........
#............#
#.........
#............#
#.........
####.#########
#.........
#.##############
#.........
#.#≈P≈.........#
#.........
#.#≈≈P##.###.@.#
############
#.#P≈P##.# #...#
#...# #
#.#.##P≈P# ###.#
#...# ###
#.#.##≈PP# #.#
#...# #..
#.#...≈P≈#####.#
#...# ###.#
#.#.#####≈≈P...#
#...# #...#
#.#.# #P≈P##.#
#...# #.##)
#.#.### #≈PP##.#
#...# #.##.
#.#...# #.##P≈≈#
#...# #....


There were no monsters in sight!

Vanquished Creatures
  Sigmund (D:4)
  The ghost of MisterFreud the Covert, an amateur GnDe (D:5)
  Menkaure (D:5)
  A water moccasin (D:5)
  An ogre (D:5)
  A phantom (D:5)
  A bullfrog (D:5)
  2 bullfrog zombies (D:5)
  A centaur skeleton (D:5)
  3 orc priests
  A hound (D:5)
  Crazy Yiuf (D:4)
  3 iguanas
  2 orc wizards (D:4)
  2 hound skeletons
  Robin (D:1)
  7 adders
  4 gnolls (D:2)
  A white imp (D:5)
  2 ufetubi (D:5)
  A worm (D:2)
  A dart slug (D:1)
  6 orcs
  5 ball pythons
  7 endoplasms
  2 giant cockroaches
  9 hobgoblins
  6 jackals
  6 kobolds
  4 quokkas
  8 bats
  3 frilled lizards
  20 goblins
  5 rats (D:1)
120 creatures vanquished.

Vanquished Creatures (others)
  A plant (D:3)
1 creature vanquished.

Grand Total: 121 creatures vanquished

Notes
Turn   | Place    | Note
-------+----------+-------------------------------------------
     0 | D:1      | protoss039 the Demonspawn Earth Elementalist began the
                  | quest for the Orb.
     0 | D:1      | Reached XP level 1. HP: 13/13 MP: 3/3
    79 | D:1      | Reached skill level 1 in Transmutations
   359 | D:1      | Discovered your monstrous ancestry.
   359 | D:1      | Gained mutation: Your touch may inflict minor irresistible
                  | damage on your foes. [demonic ancestry]
   359 | D:1      | Reached XP level 2. HP: 20/20 MP: 3/5
   408 | D:1      | Reached skill level 1 in Fighting
  1016 | D:1      | Gained mutation: Your touch may inflict irresistible damage
                  | on your foes. [demonic ancestry]
  1016 | D:1      | Reached XP level 3. HP: 23/26 MP: 6/6
  1082 | D:1      | Reached skill level 1 in Armour
  1611 | D:1      | Learned a level 2 spell: Passwall
  1615 | D:1      | Learned a level 3 spell: Stone Arrow
  1752 | D:2      | Found a faded altar of an unknown god.
  2192 | D:2      | Reached skill level 2 in Fighting
  2333 | D:2      | Gained mutation: You sometimes gain a little power by
                  | taking damage. [demonic ancestry]
  2333 | D:2      | Reached XP level 4. HP: 33/33 MP: 4/7
  2336 | D:2      | Noticed Robin
  3033 | D:1      | Killed Robin
  3540 | D:3      | Gained mutation: Your touch may irresistibly damage your
                  | foes and sap their willpower. [demonic ancestry]
  3540 | D:3      | Reached XP level 5. HP: 38/39 MP: 9/9
  3618 | D:3      | Found a blossoming altar of Fedhas.
  3663 | D:3      | Found a runed translucent door.
  3663 | D:3      | Noticed NiggerDarts's ghost (amateur HuFi)
  4897 | D:4      | Found Damilub's Jewellery Shop.
  4926 | D:4      | Noticed Sigmund
  5057 | D:4      | Reached skill level 3 in Fighting
  5243 | D:4      | Killed Sigmund
  5244 | D:4      | Gained mutation: A meltable shield of frost defends you.
                  | (SH +4) [demonic ancestry]
  5244 | D:4      | Reached XP level 6. HP: 14/48 MP: 1/10
  5581 | D:4      | Reached skill level 4 in Fighting
  5608 | D:4      | Found Wicwodih's Distillery.
  5613 | D:4      | Bought a potion of curing for 42 gold pieces
  5613 | D:4      | Bought a potion of heal wounds for 70 gold pieces
  5628 | D:4      | Identified the ring "Nerch" {rC+ Will+ Str-3 Int+6}
  5646 | D:4      | Found an ancient bone altar of Kikubaaqudgha.
  6118 | D:4      | Found a runed translucent door.
  6119 | D:4      | Noticed Crazy Yiuf
  6427 | D:4      | Killed Crazy Yiuf
  6598 | D:5      | Entered Level 5 of the Dungeon
  6598 | D:5      | Found a runed translucent door.
  6601 | D:5      | Noticed MisterFreud's ghost (amateur GnDe)
  6612 | D:5      | Reached XP level 7. HP: 45/55 MP: 12/12
  6682 | D:5      | Noticed Menkaure
  6685 | D:5      | Killed Menkaure
  6689 | D:5      | Reached skill level 5 in Fighting
  7067 | D:5      | Found Hymiwev's Assorted Antiques.
  7174 | D:5      | Bought a scroll labelled HIHAL VYG TUF for 22 gold pieces
  7174 | D:5      | Bought a murky silvery potion for 19 gold pieces
  7174 | D:5      | Bought a scroll labelled MUNIUPI IVACIA for 22 gold pieces
  7174 | D:5      | Bought a sedimented silvery potion for 19 gold pieces
  7260 | D:5      | Gained mutation: You have a pair of small horns on your
                  | head. [demonic ancestry]
  7260 | D:5      | Reached XP level 8. HP: 58/64 MP: 14/14
  7392 | D:5      | Reached skill level 6 in Fighting
  7639 | D:5      | Killed MisterFreud's ghost
  7640 | D:5      | Reached skill level 5 in Earth Magic
  7894 | D:$      | Got out of the dungeon alive.

Illustrated notes

Levels and vault maps discovered:
D:1:      psy_arrival_conway, layout_basic, nrook_uturn
D:2:      layout_basic, ebering_ecumenical_altar_sacrificial,
          minmay_misc_feat_columns, chequers_serial_rivers_room_b, uniq_robin
D:3:      minmay_door_path, layout_basic, fedhas_ov_isle_minmay,
          gammafunk_ghost_grave, serial_forest, infiniplex_forest_end_1,
          infiniplex_forest_clump_small, infiniplex_forest_lined_3,
          infiniplex_forest_end_1, infiniplex_forest_lined_corner,
          infiniplex_forest_clump_medium
D:4:      layout_loops_ring, kiku_gazebo_pond_becter, serial_shops, shop,
          nicolae_shop_hallway_stairs, serial_park_tiny_1,
          chequers_serial_rivers_small_3, uniq_sigmund, uniq_crazy_yiuf_cottage
D:5:      layout_rooms, ebering_ghost_sewer_d, serial_shops,
          kennysheep_mini_moat, uniq_menkaure

Skill      XL: |  1  2  3  4  5  6  7  8 |
---------------+-------------------------+-----
Transmutations | 1 |  1.0
Fighting       | 1 2 3 4 5 6 |  6.7
Armour         | 1 2 3 |  3.0
Earth Magic    | 3 4 5 |  5.1
Spellcasting   | 3 4 |  4.8
Dodging        | |  1.7
Stealth        | |  1.7

Action                   |  1- 3 |  4- 6 |  7- 9 || total
-------------------------+-------+-------+-------++-------
Melee: Unarmed           |    18 |       |       ||    18
       Punch             |     1 |       |       ||     1
       Dagger            |    39 |   132 |    42 ||   213
       Touch             |    13 |    31 |    10 ||    54
       Spear             |    30 |     8 |       ||    38
       Headbutt          |       |       |     6 ||     6
 Cast: Sandblast         |    41 |    31 |    17 ||    89
       Stone Arrow       |       |     2 |    18 ||    20
  Use: Scroll            |       |     1 |       ||     1
 Stab: Sleeping          |     3 |     2 |       ||     5
Armor: Robe              |    34 |    28 |    13 ||    75
Dodge: Dodged            |    88 |    86 |    34 ||   208
Block: Other             |       |     5 |    14 ||    19
